AoeStats
← ilia topuria

Arena

510874470Analyzed
3v3 RM · 16h ago on Oct 2, 2026· 21m 45s· 6 players
Game mode
Random Map
Map size
Normal (6 player)
Population
200
Speed
Normal
Resources
Standard
Victory
Conquest
Starting age
Dark Age
Ending age
Imperial Age
RankedLock teamsTeams togetherTeam positionsShared explorationLock speedFull tech treeHidden civsTurbo modeCheats
Victory
Defeat
🇹🇷 Malians · Türkiye
1201
+11
🇹🇷 Teutons · Türkiye
1081
+16
🇹🇷 Khmer · Türkiye
1056
+17
🇺🇾 Italians · Uruguay
1100
-15
🇺🇾 Varangians · Uruguay
1081
-15
🇺🇾 Romans · Uruguay
1057
-14
lbalparda
10:57 Feudal Age
11:54 Double-Bit Axe
14:44 Castle Age
13:48 Horse Collar
17:44 Pikeman
jcbalpa.tricolor
10:38 Feudal Age
14:51 Castle Age
12:58 Double-Bit Axe
12:54 Horse Collar
18:00 Bow Saw
19:18 Heavy Plow
alfoo
10:30 Feudal Age
15:18 Castle Age
13:01 Horse Collar
14:02 Double-Bit Axe
ilia topuria
9:51 Feudal Age
13:35 Castle Age
12:23 Scale Mail Armor
12:32 Double-Bit Axe
12:27 Man-at-Arms
12:59 Arson
13:26 Forging
13:57 Long Swordsman
17:05 Squires
17:49 Chain Mail Armor
EtZeL
10:41 Feudal Age
11:49 Double-Bit Axe
19:34 Horse Collar
reconquista.ad
10:33 Feudal Age
13:38 Castle Age
13:35 Double-Bit Axe
13:33 Horse Collar
15:13 Husbandry
17:58 Bloodlines
Connection lost

Rejoining the realm…

Still unreachable

The connection could not be restored.

Session expired

The server has moved on; the page needs a fresh start.